 Dungeon Crawl Stone Soup version 0.21-a0-529-g8c7b3f5 (webtiles) character file.

15912 Gildeon the Cleaver (level 12, -4/87 HPs)
             Began as a Minotaur Fighter on Dec 10, 2017.
             Was an Elder of Wu Jian.
             Engulfed by an ice statue's freezing vapour (10 damage)
             ... in an ice cave.
             The game lasted 01:05:53 (11127 turns).

Gildeon the Cleaver (Minotaur Fighter)             Turns: 11127, Time: 01:05:54

Health: -4/87      AC: 17    Str: 26    XL:     12   Next: 5%
Magic:  18/18      EV:  9    Int:  7    God:    Wu Jian [****..]
Gold:   393        SH: 16    Dex: 11    Spells: 20/21 levels left

rFire    . . .     SeeInvis .   a - +2 hand axe (drain)
rCold    + . .     Gourm    .   r - +0 large shield
rNeg     + . .     Faith    .   o - +4 scale mail {rC+}
rPois    .         Spirit   .   (helmet restricted)
rElec    .         Reflect  .   (no cloak)
rCorr    .         Harm     .   m - +0 pair of gloves
MR       .....                  q - +2 pair of boots
Stlth    ..........             l - amulet of regeneration
HPRegen  0.64/turn              F - +3 ring of strength
MPRegen  0.16/turn              e - ring of positive energy

@: about to teleport
A: retaliatory headbutt, horns 2, icy blue scales 1, frail 1, sense surroundings
1, evolution 1, sturdy frame 1
a: Serpent's Lash, Renounce Religion


You were in an ice cave.
You worshipped Wu Jian.
Wu Jian was greatly pleased with you.
You were not hungry.

You visited 2 branches of the dungeon, and saw 13 of its levels.
You also visited: Ice Cave.

You collected 640 gold pieces.
You spent 247 gold pieces at shops.

Inventory:

Hand Weapons
 a - a +2 hand axe of draining (weapon)
 d - a +2 flail of protection
Armour
 m - a +0 pair of gloves (worn)
 o - a +4 scale mail of cold resistance (worn)
 q - a +2 pair of boots (worn)
 r - a +0 large shield (worn)
 B - a +0 plate armour
Magical Staves
 n - an uncursed staff of air
 z - an uncursed staff of cold
Jewellery
 e - a ring of positive energy (right hand)
 l - an amulet of regeneration (around neck)
 F - a +3 ring of strength (left hand)
Wands
 c - a wand of iceblast (10)
Scrolls
 g - a scroll of summoning
 p - a scroll of identify
 t - 2 scrolls of fear
 u - a scroll of teleportation
 y - a scroll of fog
 C - 6 scrolls of remove curse
Potions
 h - a potion of cancellation
 j - 2 potions of ambrosia
 A - 2 potions of flight
 D - 5 potions of magic
Comestibles
 f - 7 bread rations
 i - 13 fruits
 k - 5 meat rations
 s - 8 royal jellies


   Skills:
 + Level 6.9 Fighting
 - Level 14.0 Axes
 - Level 5.2 Throwing
 - Level 5.0 Armour
 - Level 5.0 Dodging
 - Level 5.9 Shields
 - Level 5.2 Spellcasting
 - Level 5.1 Hexes
 - Level 5.1 Evocations


You had 20 spell levels left.
You knew the following spells:

 Your Spells              Type           Power        Failure   Level  Hunger
a - Confusing Touch       Hex            #.....       54%         1    #......


Dungeon Overview and Level Annotations

Branches:
Dungeon (11/15)            Temple (0/1) D:5            Lair (2/6) D:10
    Orc (0/2) D:11
  Swamp: Lair:2-4    Shoals: Lair:2-4     Snake: Lair:2-4    Spider: Lair:2-4

Altars:
Cheibriados
Gozag
Nemelex Xobeh
Okawaru
Trog
Wu Jian

Shops:
D:9 [

Annotations:
D:11 Nattefrost's ghost, journeyman MfMo
Lair:1 exclusion: obsidian statue IceCv exclusion: ice statue


Innate Abilities, Weirdness & Mutations

You reflexively headbutt those who attack you in melee.
You have a pair of horns on your head.
You are partially covered in icy blue scales. (AC +2)
You are frail. (-10% HP)
You passively map a small area around you.
You evolve.
Your movements are slightly less encumbered by armour. (ER -2)


Message History

You feel better.
You are engulfed in freezing vapours.
You resist.
* * * LOW HITPOINT WARNING * * *
The ice statue gestures.
The ice beast hits you but does no damage.
You hit the ice statue.
You headbutt the ice statue, but do no damage.
The ice statue is severely damaged.
You closely miss the ice beast. You slash the ice beast!
You are engulfed in freezing vapours.
You resist.
* * * LOW HITPOINT WARNING * * *
The ice statue gestures at you. The freezing blast engulfs you! You resist.
* * * LOW HITPOINT WARNING * * *
You block the ice beast's attack.
The ice beast hits you but does no damage.
Evoke which item? (* to show all) (? for menu, Esc to quit)
Okay, then.
As you read the scroll of teleportation, it crumbles to dust.
You feel strangely unstable.
You are engulfed in freezing vapours.
You resist.
You die...

* * * ### # , , ,+.# #
* #########§# ### ,
#.#.#.#.#Y## ..#
###'#'#'#'#§8###### ..+
#.'.......#Y@§....#
#######.8.8.8.#Y#####.#
.#............#4# , *
.'............§§#,⌠ *
.#...........§#§# ,
#######.8.8.8.#.# 4.+
#.'.......#.. ,
.4#,###'#'#'#'#.8# * *
### #.#.#.#.#.##


You could see an ice statue, an ice devil and 3 ice beasts.

Vanquished Creatures
  A hydra (D:11)
  Fannar (D:10)
  3 two-headed ogres
  The ghost of Scuka the Carver, a novice BaBe of Trog (D:8)
  A black mamba (Lair:2)
  2 ice statues (IceCv)
  A spiny frog (Lair:1)
  2 rime drakes (Lair:2)
  A komodo dragon (Lair:2)
  2 ice devils (IceCv)
  5 hippogriffs
  3 wyverns
  A human (D:7)
  4 hogs (D:7)
  14 yaks
  4 steam dragons
  Grum (Lair:1)
  3 water moccasins
  3 porcupines
  2 orc warriors
  A sky beast (D:10)
  A hornet zombie (D:7)
  5 ogres
  3 phantoms
  2 wolves (Lair:1)
  2 centaurs (D:8)
  A boggart (D:7)
  5 crocodiles
  A big kobold (D:9)
  Blork the orc (D:4)
  A bullfrog (D:3)
  2 scorpions
  2 centaur zombies
  3 howler monkeys (D:7)
  A crimson imp (D:9)
  3 draconian simulacra (IceCv)
  4 hounds
  6 orc priests
  A bullfrog skeleton (D:7)
  A jelly (D:9)
  9 orc wizards
  4 centaur skeletons
  2 iguanas (D:4)
  Terence (D:2)
  3 spriggan simulacra (IceCv)
  7 worker ants
  A killer bee zombie (D:9)
  2 centaur simulacra (IceCv)
  A hound zombie (D:8)
  2 worker ant zombies
  7 gnolls
  2 naga simulacra (IceCv)
  13 adders
  2 shadow imps
  4 oozes
  3 dart slugs
  5 leopard geckos
  28 orcs
  6 bats
  2 giant cockroaches
  9 goblins
  6 hobgoblins
  4 jackals (D:4)
  2 quokkas
  A ball python (D:3)
  3 frilled lizards
  17 kobolds
  A leopard gecko skeleton (D:4)
  2 leopard gecko zombies
  5 rats
  2 fungi (D:5)
257 creatures vanquished.

Vanquished Creatures (others)
  A fungus (D:5)
1 creature vanquished.

Grand Total: 258 creatures vanquished

Notes
Turn   | Place    | Note
-------+----------+-------------------------------------------
     0 | D:1      | Gildeon the Minotaur Fighter began the quest for the Orb.
     0 | D:1      | Reached XP level 1. HP: 19/19 MP: 0/0
   166 | D:1      | Reached skill level 3 in Axes
   328 | D:1      | Reached XP level 2. HP: 22/26 MP: 1/1
   907 | D:2      | Reached skill level 4 in Axes
  1030 | D:2      | Reached XP level 3. HP: 28/31 MP: 2/2
  1343 | D:2      | Noticed Terence
  1351 | D:2      | Killed Terence
  1351 | D:2      | Reached skill level 5 in Axes
  1351 | D:2      | Reached XP level 4. HP: 39/39 MP: 3/3
  2116 | D:3      | Reached skill level 6 in Axes
  2285 | D:3      | Noticed a bullfrog
  2294 | D:3      | Killed a bullfrog
  2294 | D:3      | Reached XP level 5. HP: 45/45 MP: 4/4
  2318 | D:3      | Found an ornate altar of the Wu Jian Council.
  2367 | D:3      | Became a worshipper of the Wu Jian Council
  2543 | D:3      | Reached skill level 7 in Axes
  2974 | D:4      | Reached XP level 6. HP: 51/51 MP: 5/5
  2985 | D:4      | Noticed Blork the orc
  2986 | D:4      | Reached skill level 8 in Axes
  2992 | D:4      | Killed Blork the orc
  2992 | D:4      | Reached skill level 9 in Axes
  3060 | D:4      | Found a sparkling altar of Nemelex Xobeh.
  3141 | D:4      | Found an opulent altar of Gozag.
  3200 | D:4      | Found a snail-covered altar of Cheibriados.
  3264 | D:4      | Reached XP level 7. HP: 57/57 MP: 6/6
  3305 | D:4      | Reached * piety under Wu Jian
  3478 | D:4      | Found a bloodstained altar of Trog.
  3670 | D:5      | Entered Level 5 of the Dungeon
  3724 | D:5      | Reached skill level 10 in Axes
  3739 | D:5      | Found a staircase to the Ecumenical Temple.
  3770 | D:5      | Noticed Edmund
  3776 | D:5      | Noticed Edmund
  3776 | D:5      | Edmund changed into Edmund the steam dragon
  3780 | D:5      | Killed Edmund the steam dragon
  3780 | D:5      | Reached skill level 5 in Fighting
  4059 | D:5      | Reached XP level 8. HP: 68/68 MP: 7/7
  4087 | D:5      | Found an iron altar of Okawaru.
  4112 | D:5      | Reached skill level 5 in Armour
  4945 | D:6      | Gained mutation: You evolve. [potion of mutation]
  4945 | D:6      | Gained mutation: You are frail. (-10% HP) [potion of mutation]
  4945 | D:6      | Gained mutation: Your movements are slightly less encumbered by armour. (ER -2) [potion of mutation]
  4945 | D:6      | Gained mutation: You passively map a small area around you. [potion of mutation]
  4989 | D:6      | Reached skill level 5 in Dodging
  5284 | D:6      | Reached ** piety under Wu Jian
  5454 | D:7      | Reached skill level 5 in Shields
  5815 | D:7      | Reached skill level 11 in Axes
  5815 | D:7      | Reached XP level 9. HP: 66/66 MP: 8/8
  5822 | D:7      | Reached skill level 12 in Axes
  6324 | D:8      | Noticed Scuka's ghost (novice BaBe)
  6339 | D:8      | Killed Scuka's ghost
  6339 | D:8      | Reached skill level 13 in Axes
  6364 | D:8      | Reached skill level 14 in Axes
  6426 | D:8      | Reached skill level 1 in Throwing
  6426 | D:8      | Reached XP level 10. HP: 64/72 MP: 9/9
  6594 | D:8      | Reached *** piety under Wu Jian
  6789 | D:8      | Noticed a two-headed ogre
  6799 | D:8      | Killed a two-headed ogre
  6799 | D:8      | Reached skill level 5 in Throwing
  7038 | D:8      | Reached skill level 1 in Spellcasting
  7579 | D:9      | Found Irymas's Antique Armour Boutique.
  7587 | D:9      | Bought a pair of embroidered boots for 247 gold pieces
  7720 | D:10     | Entered Level 10 of the Dungeon
  7733 | D:10     | Noticed a two-headed ogre
  7747 | D:10     | Killed a two-headed ogre
  7747 | D:10     | Reached **** piety under Wu Jian
  8037 | D:10     | Found a staircase to the Lair.
  8050 | D:10     | Learned a level 1 spell: Confusing Touch
  8096 | D:10     | Noticed a two-headed ogre
  8110 | D:10     | Killed a two-headed ogre
  8110 | D:10     | Reached skill level 5 in Spellcasting
  8110 | D:10     | Reached XP level 11. HP: 41/79 MP: 17/17
  8318 | D:10     | Noticed Fannar
  8342 | D:10     | Killed Fannar
  8824 | D:11     | Noticed a five-headed hydra
  8844 | D:11     | Killed a five-headed hydra
  9191 | D:11     | Noticed Nattefrost's ghost (journeyman MfMo)
  9346 | Lair:1   | Entered Level 1 of the Lair of Beasts
  9495 | Lair:1   | Noticed Grum
  9508 | Lair:1   | Killed Grum
  9765 | Lair:1   | Gained mutation: You are partially covered in icy blue scales. (AC +2) [evolution]
  9826 | Lair:1   | Reached skill level 5 in Hexes
  9832 | Lair:1   | Reached skill level 1 in Evocations
 10427 | Lair:1   | Noticed an obsidian statue
 10666 | Lair:2   | Found a frozen archway.
 10673 | Lair:2   | Reached skill level 5 in Evocations
 10688 | IceCv    | Entered an ice cave
 10808 | IceCv    | Reached XP level 12. HP: 86/86 MP: 18/18
 11127 | IceCv    | Engulfed by an ice statue's freezing vapour

Vault maps used:
D:1:      shiori_shiawase
D:2:      uniq_terence
D:3:      lemuel_round_altar, first_bread, minmay_goblin_kobold_house
D:4:      kennysheep_slug_shrine, marbit_many_paths, overflow_temple_1_default,
          nemelex_diamond_rough_becter, uniq_blork_the_orc
D:5:      kennysheep_steamy, okawaru_ov_weapons_minmay,
          minmay_temple_entry_overgrown, nrook_mini_vaults, uniq_edmund
D:7:      grunt_livestock
D:9:      serial_shops, shop
D:10:     lair_entry_dummy, uniq_fannar
D:11:     orc_0_dummy, dk_noncrumbling_3, hangedman_abyss_or_decor_slice
Lair:1:   statuecave_lemuel, uniq_grum
Lair:2:   portal_ice_cave_rime
IceCv:    ice_cave_tombish

Skill      XL: |  1  2  3  4  5  6  7  8  9 10 11 |
---------------+----------------------------------+-----
Axes           | 3 4 5 6 7 9 10 11 14 | 14.0
Fighting       | 5 6 |  6.9
Armour         | 4 5 |  5.0
Dodging        | 5 |  5.0
Shields        | 5 |  5.9
Throwing       | 1 5 |  5.2
Spellcasting   | 5 |  5.2
Hexes          | 5 |  5.1
Evocations     | 5 |  5.1

Action                   |  1- 3 |  4- 6 |  7- 9 | 10-12 || total
-------------------------+-------+-------+-------+-------++-------
Melee: War axe           |    69 |    44 |       |       ||   113
       Headbutt          |     7 |    12 |    51 |   130 ||   200
       Hand axe          |       |    58 |   201 |   595 ||   854
       Flail             |       |       |       |    16 ||    16
Throw: Tomahawk          |     7 |    53 |    42 |    51 ||   153
Evoke: Wand              |       |       |    55 |    24 ||    79
  Use: Scroll            |     8 |     7 |    12 |    12 ||    39
       Potion            |       |     2 |     7 |    12 ||    21
 Stab: Paralysed         |       |       |       |     4 ||     4
  Eat: Chunk             |     1 |     4 |     4 |    10 ||    19
       Bread ration      |       |     1 |     1 |     2 ||     4
Armor: Scale mail        |    18 |    52 |    48 |    27 ||   145
       Plate armour      |       |       |     9 |   143 ||   152
Dodge: Dodged            |    15 |    36 |    43 |    84 ||   178
Block: Shield            |    32 |    70 |    67 |   132 ||   301
       Large shield      |       |       |       |   101 ||   101

Table legend:
 A = Spawn XP
 B = Non-spawn XP
 C = Spawn XP percentage of total XP
 D = Spawn monster count
 E = Non-spawn monster count
 F = Spawn count percentage of total count
 G = Total turns spent on level
                    A         B        C        D         E        F      G
               +---------+---------+-------+---------+---------+-------+---------
         Total |       0 |   22732 |   0.0 |       0 |     255 |   0.0 | 11127
               +---------+---------+-------+---------+---------+-------+---------
           D:1 |       0 |      23 |   0.0 |       0 |      12 |   0.0 |   853
           D:2 |       0 |      92 |   0.0 |       0 |      18 |   0.0 |   821
           D:3 |       0 |     161 |   0.0 |       0 |      27 |   0.0 |  1178
           D:4 |       0 |     593 |   0.0 |       0 |      28 |   0.0 |   818
           D:5 |       0 |     975 |   0.0 |       0 |      16 |   0.0 |  1142
           D:6 |       0 |     305 |   0.0 |       0 |      15 |   0.0 |   621
           D:7 |       0 |    2001 |   0.0 |       0 |      27 |   0.0 |   890
           D:8 |       0 |    3532 |   0.0 |       0 |      23 |   0.0 |   886
           D:9 |       0 |    1335 |   0.0 |       0 |      24 |   0.0 |   511
          D:10 |       0 |    3561 |   0.0 |       0 |      15 |   0.0 |  1015
          D:11 |       0 |    2678 |   0.0 |       0 |       9 |   0.0 |   611
        Lair:1 |       0 |    3178 |   0.0 |       0 |      17 |   0.0 |  1141
        Lair:2 |       0 |    2445 |   0.0 |       0 |      10 |   0.0 |   201
         IceCv |       0 |    1853 |   0.0 |       0 |      14 |   0.0 |   439
               +---------+---------+-------+---------+---------+-------+---------
